 Dungeon Crawl Stone Soup version 0.26.1-11-gd32895ea62 (webtiles) character file.

Game seed: 7685124247527436018

473 Wolframius the Slasher (level 6, 0/84 HPs)
             Began as a Minotaur Berserker on June 26, 2021.
             Was a Priest of Trog.
             Slain by a mummy (8 damage)
             ... in an ossuary.
             The game lasted 00:21:29 (2832 turns).

Wolframius the Slasher (Minotaur Berserker)         Turns: 2832, Time: 00:21:30

Health: 0/84       AC: 23    Str: 22 (23) XL:     6   Next: 83%
Magic:  5/5        EV:  2    Int:  3 (4)  God:    Trog [***...]
Gold:   204        SH:  0    Dex:  7 (10) Spells: 5/5 levels left

rFire    . . .     SeeInvis .   a - +0 falchion
rCold    . . .     Faith    .   (no shield)
rNeg     + + +     Spirit   .   (armour currently unavailable)
rPois    +         Reflect  .   (helmet currently unavailable)
rElec    .         Harm     .   (cloak currently unavailable)
rCorr    .         Rampage  .   (gloves currently unavailable)
Will     .....     NoTele   +   (boots currently unavailable)
Stlth    +.........             (no amulet)
HPRegen  0.24/turn              r - ring of flight
MPRegen  0.09/turn              (no ring)

@: brilliant, tree-form, marked, berserk cooldown, attractive
A: (retaliatory headbutt)
a: Renounce Religion, Berserk, Trog's Hand


You were in an ossuary.
You worshipped Trog.
Trog was most pleased with you.
You were a tree.
You visited 1 branch of the dungeon, and saw 4 of its levels.
You also visited: Ossuary.

You collected 204 gold pieces.

Inventory:

Hand Weapons
 a - a +0 falchion (weapon)
 b - a +1 dagger of venom
 e - a +1 dagger of speed
Missiles
 f - 8 boomerangs
 p - 120 stones
Armour
 l - a +0 pair of gloves (melded)
 u - a +3 scale mail of fire resistance (melded)
Jewellery
 r - a ring of flight (left branch)
Wands
 q - a wand of iceblast (5) (quivered)
Scrolls
 g - 2 scrolls of enchant weapon {unknown}
 h - 6 scrolls of teleportation
 n - 2 scrolls of amnesia
 s - a scroll of enchant armour {unknown}
 w - a scroll of remove curse {unknown}
Potions
 d - a potion of heal wounds {unknown}
 k - a potion of lignification


   Skills:
 + Level 5.0 Fighting
 + Level 6.8 Long Blades
 + Level 2.0 Throwing
 + Level 4.1 Armour
 + Level 3.2 Dodging
 + Level 0.1 Stealth


You had 5 spell levels left.
You didn't know any spells.
Your spell library was empty.

Dungeon Overview and Level Annotations

Branches:
Dungeon (4/15)            Ossuary (1/1)
 Temple: D:4-7

Altars:
Vehumet
Beogh


Innate Abilities, Weirdness & Mutations

((You reflexively headbutt those who attack you in melee.))
((You have a pair of horns on your head.))


Message History

Unknown command.
There are monsters nearby!
You cannot teleport because you are held in place by your roots.
You tear a large gash into the net.
The mummy hits you.
* * * LOW HITPOINT WARNING * * *
The mummy hits you but does no damage.
You feel better. The mummy hits you but does no damage.
The big kobold zombie is pulled toward you!
You rip the net and break free!
The mummy hits you but does no damage. x2
The mummy hits you!
* * * LOW HITPOINT WARNING * * *
The big kobold zombie enters a dispersal trap!
The mummy blinks! x4; The big kobold zombie blinks!
The mummy is pulled toward you! The mummy drops a net on you.
You become entangled in the net!
The mummy is pulled toward you! x3
You struggle against the net.
The mummy is pulled toward you!
You tear a large gash into the net.
You rip the net and break free!
The mummy hits you but does no damage. The mummy hits you!
You die...

##...##
#.....#
#.....#
#.....#
#.....#
#..∩..#
#.....#
#..∩..#
#..MM♣#
#...MM#
##....M##
#.....^.#
##...^.##
#..^....#
##.....##
#..Z....#
##§§...##


You could see 5 mummies and a big kobold zombie.

Vanquished Creatures
  A water moccasin zombie (D:2)
  2 centaur zombies (Ossuary)
  2 orc priests (D:3)
  Terence (D:2)
  2 orc wizards (D:3)
  2 big kobold zombies (Ossuary)
  2 mummies
  2 adders (D:2)
  A white imp (D:2)
  2 oozes
  2 worms
  5 dart slugs
  2 leopard geckos
  6 orcs (D:3)
  4 ball pythons
  2 giant cockroaches (D:3)
  8 goblins
  6 hobgoblins
  17 jackals
  4 bats
  6 frilled lizards
  3 hobgoblin zombies (Ossuary)
  11 kobolds
  15 rats
108 creatures vanquished.

Notes
Turn   | Place    | Note
-------+----------+-------------------------------------------
     0 | D:1      | Wolframius the Minotaur Berserker began the quest for the
                  | Orb.
     0 | D:1      | Reached XP level 1. HP: 19/19 MP: 0/0
   170 | D:1      | Reached skill level 4 in Long Blades
   170 | D:1      | Reached XP level 2. HP: 24/27 MP: 1/1
   366 | D:1      | Reached ** piety under Trog
   520 | D:1      | Reached XP level 3. HP: 29/33 MP: 2/2
   891 | D:2      | Reached XP level 4. HP: 41/41 MP: 3/3
   930 | D:2      | Reached skill level 5 in Long Blades
  1313 | D:2      | Reached XP level 5. HP: 47/47 MP: 4/4
  1690 | D:2      | Noticed Terence
  1705 | D:2      | Killed Terence
  1706 | D:2      | Reached skill level 1 in Throwing
  2006 | D:3      | Reached *** piety under Trog
  2111 | D:3      | Found a roughly hewn altar of Beogh.
  2116 | D:3      | Reached skill level 6 in Long Blades
  2126 | D:3      | Reached XP level 6. HP: 28/55 MP: 5/5
  2541 | D:3      | Found a radiant altar of Vehumet.
  2664 | D:3      | Reached skill level 5 in Fighting
  2765 | D:4      | Found a sand-covered staircase.
  2774 | Ossuary  | Entered an ossuary
  2832 | Ossuary  | Slain by a mummy

Illustrated notes

Levels and vault maps discovered:
D:1:      wheals_arrival_shading, layout_basic, minmay_rat_gold_closets
D:2:      layout_basic, uniq_terence
D:3:      minmay_angry_zag, layout_basic, vehumet_crystals,
          kennysheep_orc_chapel
D:4:      minmay_razor_zed, layout_basic, tso_metal_star, fedhas_altar_1,
          led_sif_pool, gup_ossuary_entry_pyramid, guppyfry_shop_venom,
          uniq_edmund
Ossuary:  ossuary_the_hunt_dpeg

Skill      XL: |  1  2  3  4  5  6 |
---------------+-------------------+-----
Fighting       | 4 5 |  5.0
Long Blades    | 4 5 6 |  6.8
Armour         | 3 4 |  4.1
Throwing       | 1 2 |  2.0
Dodging        | 3 |  3.2
Stealth        | |  0.1

Action                   |  1- 3 |  4- 6 || total
-------------------------+-------+-------++-------
Melee: Falchion          |    63 |   169 ||   232
       Headbutt          |     8 |    31 ||    39
Throw: Boomerang         |     1 |    18 ||    19
Invok: Trog's Hand       |       |     2 ||     2
       Berserk           |       |     2 ||     2
Evoke: Wand              |       |     3 ||     3
  Use: Potion            |       |     7 ||     7
       Scroll            |       |     3 ||     3
Armor: Animal skin       |     4 |       ||     4
       Scale mail        |    13 |    81 ||    94
       Plate armour      |       |    11 ||    11
       Skin              |       |    17 ||    17
Dodge: Dodged            |    39 |   109 ||   148
       Rpst.: Falchion   |    14 |    30 ||    44
